[Event "ICC tourney 2545 (5 3)"]
[Site "Internet Chess Club"]
[Date "2021.04.11"]
[Round "5"]
[White "maximind"]
[Black "SunKing007"]
[Result "0-1"]
[ICCResult "White checkmated"]
[WhiteElo "1355"]
[BlackElo "1680"]
[Opening "Two knights defense"]
[ECO "C55"]
[NIC "IG.01"]
[Time "15:46:38"]
[TimeControl "300+3"]

1. e4 e5 2. Bc4 Nc6 3. Nf3 Nf6 4. O-O Bc5 5. c3 O-O 6. d4 exd4 7. cxd4 Bb6
8. d5 Ne7 9. e5 Ne8 10. Ng5 h6 11. Nxf7 Rxf7 12. d6 cxd6 13. exd6 Ng6 14.
Qh5 Qf6 15. Nc3 Nxd6 16. Nd5 Qd4 17. Ne7+ Nxe7 18. Bxf7+ Nxf7 19. Be3 Qf6
20. Rae1 Qf5 21. Qxf5 Nxf5 22. Bxb6 axb6 23. Re8+ Kh7 24. Rc1 N5d6 25. Rf8
Rxa2 26. b3 Kg6 27. h4 Ne5 28. Rc3 Ng4 29. Kf1 Rxf2+ 30. Rxf2 Nxf2 31. Kxf2
Ne4+ 32. Ke3 Nxc3 33. Kd4 Ne2+ 34. Ke3 Ng3 35. Kf3 Nf5 36. g3 Nd4+ 37. Kf4
Nxb3 38. Ke5 Nd2 39. Kd6 Ne4+ 40. Kc7 Nxg3 41. Kxc8 d5 42. Kxb7 d4 43. Kxb6
d3 44. Kc6 d2 45. Kd5 d1=Q+ 46. Ke5 Qf3 47. h5+ Kxh5 48. Ke6 Kg4 49. Ke5 h5
50. Kd4 h4 51. Ke5 h3 52. Ke6 h2 53. Ke5 h1=Q 54. Ke6 Qe1+ 55. Kd6 Qd3+ 56.
Kc5 Qec3+ 57. Kb6 Qb1+ 58. Ka6 Qca1# {White checkmated} 0-1

[Event "ICC tourney 2545 (5 3)"]
[Site "Internet Chess Club"]
[Date "2021.04.11"]
[Round "5"]
[White "Vazulka"]
[Black "Abix4"]
[Result "1-0"]
[ICCResult "Black resigns"]
[WhiteElo "1823"]
[BlackElo "1640"]
[Opening "Ruy Lopez: Steinitz defense deferred (Russian defense)"]
[ECO "C79"]
[NIC "RL.12"]
[Time "15:46:50"]
[TimeControl "300+3"]

1. e4 e5 2. Nf3 Nc6 3. Bb5 a6 4. Ba4 Nf6 5. O-O d6 6. c3 Bd7 7. Re1 Be7 8.
h3 O-O 9. d4 exd4 10. cxd4 Na7 11. Bc2 Ne8 12. Nc3 Nb5 13. Nd5 h6 14. a4 Na7
15. Qd3 c6 16. e5 g6 17. Nxe7+ Qxe7 18. Bxh6 Ng7 19. Bg5 Qe6 20. exd6 Qd5
21. Bb3 Qf5 22. Qxf5 Nxf5 23. Ne5 Nxd4 24. Nxd7 Nxb3 25. Nxf8 Nxa1 26. d7
Rxf8 27. Re8 {Black resigns} 1-0

[Event "ICC tourney 2545 (5 3)"]
[Site "Internet Chess Club"]
[Date "2021.04.11"]
[Round "5"]
[White "ericbuen"]
[Black "cornfed"]
[Result "1-0"]
[ICCResult "Black checkmated"]
[WhiteElo "1689"]
[BlackElo "1817"]
[Opening "Scandinavian defense"]
[ECO "B01"]
[NIC "SD.03"]
[Time "15:47:10"]
[TimeControl "300+3"]

1. e4 d5 2. exd5 Nf6 3. Nc3 Nxd5 4. Nxd5 Qxd5 5. Nf3 Bg4 6. Be2 Nc6 7. c3 e5
8. d3 O-O-O 9. O-O Kb8 10. Be3 e4 11. dxe4 Qxe4 12. Qb3 Bd6 13. h3 Be6 14.
c4 Rhe8 15. Rfe1 Ne5 16. Nd2 Qh4 17. Qa4 b6 18. b3 Bxh3 19. Nf3 Nxf3+ 20.
Bxf3 Bg4 21. Qc6 Bxf3 22. Qxf3 f6 23. g3 Qh3 24. a4 Be5 25. a5 Bxa1 26. Rxa1
Qe6 27. axb6 Qe4 28. bxc7+ Kxc7 29. Rxa7+ Kc8 30. Qh5 Rd1+ 31. Qxd1 Rd8 32.
Qa1 Kb8 33. Bf4+ Kc8 34. Rc7+ Kb8 35. Qa7# {Black checkmated} 1-0

[Event "ICC tourney 2545 (5 3)"]
[Site "Internet Chess Club"]
[Date "2021.04.11"]
[Round "5"]
[White "Irenaeus"]
[Black "e4f5"]
[Result "1-0"]
[ICCResult "Black resigns"]
[WhiteElo "1752"]
[BlackElo "1818"]
[Opening "Sicilian: closed"]
[ECO "B23"]
[NIC "SI.44"]
[Time "15:47:28"]
[TimeControl "300+3"]

1. e4 c5 2. Nc3 d6 3. f4 g6 4. Nf3 Bg7 5. Bb5+ Bd7 6. Bxd7+ Qxd7 7. d3 e6 8.
O-O Ne7 9. Qe1 O-O 10. Qh4 Nbc6 11. f5 exf5 12. Bh6 fxe4 13. Ng5 Bd4+ 14.
Kh1 Nf5 15. Rxf5 Qxf5 16. Bxf8 Kxf8 17. dxe4 Qe5 18. Rf1 Nd8 19. Nd5 h5 20.
g4 Ne6 21. Rxf7+ Ke8 22. Re7+ Kd8 23. Nf7+ Kc8 24. Nxe5 {Black resigns} 1-0

[Event "ICC tourney 2545 (5 3)"]
[Site "Internet Chess Club"]
[Date "2021.04.11"]
[Round "5"]
[White "cap78red"]
[Black "IAlwaysWin"]
[Result "0-1"]
[ICCResult "White checkmated"]
[WhiteElo "1389"]
[BlackElo "1576"]
[Opening "English opening"]
[ECO "A13"]
[NIC "EO.64"]
[Time "15:46:57"]
[TimeControl "300+3"]

1. c4 e6 2. Nc3 d5 3. e3 Nf6 4. d4 Be7 5. Nf3 O-O 6. Ne5 b6 7. cxd5 exd5 8.
Bb5 Bb7 9. O-O c6 10. Be2 Nbd7 11. f4 Bd6 12. Bf3 Re8 13. g4 Nf8 14. g5 N6d7
15. Nxd7 Qxd7 16. Bg4 Qe7 17. f5 f6 18. g6 hxg6 19. fxg6 Nxg6 20. Bh5 Nf8
21. Bxe8 Rxe8 22. Qg4 Bc8 23. Qg2 Nh7 24. e4 dxe4 25. Bf4 Bxf4 26. Rxf4 Ng5
27. Re1 Nh3+ 28. Kh1 Nxf4 29. Qxe4 Qxe4+ 30. Nxe4 Bd7 31. Kg1 Nd3 32. Re3
Nxb2 33. Kf2 Nc4 34. Re2 f5 35. Ng3 Rxe2+ 36. Nxe2 Kf7 37. Kf3 g5 38. h3 Kf6
39. a4 a6 40. Nc3 b5 41. a5 b4 42. Nb1 Nxa5 43. Ke3 Nc4+ 44. Kd3 Be6 45. Kc2
a5 46. Kb3 Nd2+ 47. Kb2 Nxb1 48. Kxb1 a4 49. Kb2 a3+ 50. Ka1 b3 51. Kb1 f4
52. h4 Bf5+ 53. Ka1 b2+ 54. Ka2 b1=Q+ 55. Kxa3 Be6 56. Ka4 Qb5+ 57. Ka3 Qb3#
{White checkmated}
0-1

[Event "ICC tourney 2545 (5 3)"]
[Site "Internet Chess Club"]
[Date "2021.04.11"]
[Round "5"]
[White "PeterOsgood"]
[Black "bandhu2"]
[Result "0-1"]
[ICCResult "White resigns"]
[WhiteElo "1876"]
[BlackElo "1722"]
[Opening "English: Anglo-Dutch defense"]
[ECO "A10"]
[NIC "HD.14"]
[Time "15:46:23"]
[TimeControl "300+3"]

1. c4 f5 2. g3 Nf6 3. Bg2 g6 4. Nc3 Bg7 5. d3 d6 6. e4 fxe4 7. dxe4 c5 8. e5
Ng4 9. exd6 exd6 10. Nge2 O-O 11. O-O Nc6 12. Nf4 Nge5 13. Bd2 Bg4 14. f3
Bf5 15. b3 Nd4 16. g4 Bc2 17. Qc1 Nd3 18. Nxd3 Bxd3 19. Rf2 Qd7 20. Bh6 Rae8
21. Bxg7 Qxg7 22. f4 Ne2+ 23. Nxe2 Rxe2 24. Rxe2 Bxe2 25. a3 Qd4+ 26. Kh1
Bxg4 27. Bxb7 Rxf4 28. Bd5+ Kg7 29. Qe1 Be2 30. Qg1 Rf2 31. Re1 Qf4 32. Qg3
Rf1+ 33. Kg2 Qxg3+ {White resigns} 0-1

[Event "ICC tourney 2545 (5 3)"]
[Site "Internet Chess Club"]
[Date "2021.04.11"]
[Round "5"]
[White "Kroger"]
[Black "BK10"]
[Result "1-0"]
[ICCResult "Black resigns"]
[WhiteElo "1689"]
[BlackElo "1567"]
[Opening "English opening"]
[ECO "A10"]
[NIC "EO.63"]
[Time "15:46:25"]
[TimeControl "300+3"]

1. c4 b6 2. g3 Bb7 3. Nf3 f5 4. Bg2 Nf6 5. O-O d6 6. Nc3 e5 7. d3 Be7 8.
Qa4+ Bc6 9. Qb3 h6 10. Nh4 Bxg2 11. Kxg2 Nbd7 12. Nxf5 O-O 13. e4 Nc5 14.
Qd1 Kh7 15. Be3 g6 16. Nxe7 Qxe7 17. Bxc5 bxc5 18. Nd5 Nxd5 19. cxd5 Rab8
20. b3 Rb4 21. Qd2 Rd4 22. Qe3 Qd7 23. Rac1 a5 24. Rc4 a4 25. Rxd4 exd4 26.
Qe2 axb3 27. axb3 Rb8 28. Qc2 Qb5 29. Rb1 h5 30. h4 Qb4 31. Kf1 Ra8 32. Kg2
Ra3 33. Qb2 Qa5 34. Qc2 Qb4 35. Qb2 Qa5 36. Qc1 Qb4 37. Qg5 Rxb3 38. Qe7+
Kh6 39. Qf8+ Kh7 40. Ra1 Qb8 41. Qf7+ Kh6 42. Qf4+ Kh7 43. e5 dxe5 44. Qxe5
Rxd3 45. Qe7+ Kh6 46. Re1 c4 47. Qg5+ {Black resigns} 1-0

[Event "ICC tourney 2545 (5 3)"]
[Site "Internet Chess Club"]
[Date "2021.04.11"]
[Round "5"]
[White "pumukel"]
[Black "saisiva765"]
[Result "0-1"]
[ICCResult "White resigns"]
[WhiteElo "1615"]
[BlackElo "1812"]
[Opening "Queen's pawn, Mason variation"]
[ECO "D00"]
[NIC "QP.08"]
[Time "15:47:25"]
[TimeControl "300+3"]

1. d4 d5 2. Bf4 Nf6 3. e3 Bf5 4. c4 e6 5. Nc3 c6 6. Nf3 Bd6 7. Bg5 Nbd7 8.
c5 Bc7 9. Bd3 Bxd3 10. Qxd3 h6 11. Bh4 O-O 12. b4 a6 13. O-O e5 14. dxe5
Nxe5 15. Nxe5 Bxe5 16. Rab1 Bxc3 17. Qxc3 Ne4 18. Bxd8 Nxc3 19. Rb3 Ne4 20.
Bh4 Nd2 21. Rfb1 Nxb1 22. Rxb1 f5 23. Bg3 Rfe8 24. Kf1 Re4 25. Ke2 Rae8 26.
Kd3 Rc4 27. a4 Ree4 28. b5 axb5 29. axb5 Rxc5 30. bxc6 bxc6 31. f3 Ra4 32.
Rb3 Rc1 33. Be5 Ra7 34. h4 Rg1 35. g3 Rd1+ 36. Ke2 Rc1 37. Kd3 c5 38. Rb8+
Kh7 39. Rd8 c4+ 40. Kd2 Rf1 41. Rxd5 Ra2+ 42. Kc3 Rc1+ 43. Kb4 Ra7 44. Bd4
Rb7+ 45. Kc5 c3 46. Kc6 Rf7 47. Rc5 c2 48. f4 Rf8 49. Kd7 Rb8 50. Ke6 Kg6
51. Rc6 Re8+ 52. Kd5+ Kh5 53. Rc7 g6 54. Rc6 Rd8+ 55. Ke6 Re1 56. Rxc2 Rxd4
57. Ke5 Re4+ 58. Kf6 R1xe3 59. Rc6 Rxg3 60. Kg7 Rxf4 61. Kh7 Rxh4
{White resigns}
0-1

[Event "ICC tourney 2545 (5 3)"]
[Site "Internet Chess Club"]
[Date "2021.04.11"]
[Round "5"]
[White "realleosantos"]
[Black "arconia"]
[Result "1-0"]
[ICCResult "Black forfeits on time"]
[WhiteElo "1365"]
[BlackElo "985"]
[Opening "Sicilian: Labourdonnais-Löwenthal variation"]
[ECO "B32"]
[NIC "SI.32"]
[Time "15:46:10"]
[TimeControl "300+3"]

1. e4 c5 2. Nf3 Nc6 3. d4 cxd4 4. Nxd4 e5 5. Nf5 d6 6. Bb5 Nf6 7. Nc3 a6 8.
Bc4 b5 9. Bb3 Qa5 10. Nxd6+ Bxd6 11. Qxd6 Nxe4 12. Qxc6+ Bd7 13. Qxe4 O-O
14. O-O Rae8 15. Bg5 Kh8 16. Rfd1 f5 17. Qb7 Bc8 18. Qf3 e4 19. Qh3 Qb6 20.
Qe3 Qg6 21. Nd5 h6 22. Bh4 Qg4 23. Qg3 {Black forfeits on time} 1-0

[Event "ICC tourney 2545 (5 3)"]
[Site "Internet Chess Club"]
[Date "2021.04.11"]
[Round "5"]
[White "marazul1"]
[Black "Neukoelln"]
[Result "0-1"]
[ICCResult "White checkmated"]
[WhiteElo "1196"]
[BlackElo "1581"]
[Opening "Sicilian: Alapin's variation (2.c3)"]
[ECO "B22"]
[NIC "SI.46"]
[Time "15:47:50"]
[TimeControl "300+3"]

1. e4 c5 2. c3 d5 3. e5 d4 4. d3 Nc6 5. Nf3 Bf5 6. Bf4 e6 7. Bg5 Qb6 8. Qc2
Nge7 9. Na3 dxc3 10. bxc3 Nd5 11. Nc4 Qa6 12. a3 b5 13. Nd6+ Bxd6 14. exd6
O-O 15. Nh4 f6 16. Nxf5 exf5 17. Bh4 Rfe8+ 18. Be2 Nf4 19. O-O Nxe2+ 20. Kh1
f4 21. Rfe1 f3 22. gxf3 Nf4 23. Rg1 Ne5 24. d4 cxd4 25. cxd4 Nc4 26. Rxg7+
Kxg7 27. Rg1+ Ng6 28. d5 Qxd6 29. Qc3 Qe5 30. Qb4 Qxd5 31. Rg3 a5 32. Qc3
Qe5 33. Qd3 Rad8 34. Qb3 Kf7 35. a4 Nxh4 36. axb5 Qe1+ 37. Rg1 Qe2 38. b6
Rd3 39. Qxc4+ Re6 40. Qxh4 Qxf3+ 41. Rg2 Rd1# {White checkmated} 0-1

[Event "ICC tourney 2545 (5 3)"]
[Site "Internet Chess Club"]
[Date "2021.04.11"]
[Round "5"]
[White "Chesscrow"]
[Black "Finlidor"]
[Result "0-1"]
[ICCResult "White resigns"]
[WhiteElo "1735"]
[BlackElo "2120"]
[Opening "Ruy Lopez: classical (Cordel) defense"]
[ECO "C64"]
[NIC "RL.01"]
[Time "15:47:30"]
[TimeControl "300+3"]

1. e4 Nc6 2. Nf3 e5 3. Bb5 Bc5 4. Bxc6 dxc6 5. O-O Qe7 6. d3 Bg4 7. h3 Bh5
8. Nbd2 Nf6 9. Qe2 O-O-O 10. Nb3 Bb6 11. Bg5 h6 12. Be3 g5 13. Bxb6 cxb6 14.
Qe3 g4 15. Nh4 gxh3 16. Qxh3+ Bg4 17. Qg3 Rhg8 18. Qh2 Nh5 19. g3 Nf4 20.
Nf5 Bxf5 21. exf5 Qg5 22. Rae1 Qxf5 23. Nd2 Nh3+ 24. Kg2 Ng5 25. f4 exf4 26.
Rxf4 Qd5+ 27. Ne4 f5 28. Qxh6 fxe4 {White resigns} 0-1

[Event "ICC tourney 2545 (5 3)"]
[Site "Internet Chess Club"]
[Date "2021.04.11"]
[Round "5"]
[White "iamkenoh"]
[Black "Astigmatist"]
[Result "0-1"]
[ICCResult "White resigns"]
[WhiteElo "1496"]
[BlackElo "1787"]
[Opening "Scandinavian gambit"]
[ECO "B01"]
[NIC "SD.03"]
[Time "15:46:50"]
[TimeControl "300+3"]

1. e4 d5 2. exd5 Nf6 3. c4 c6 4. Nf3 cxd5 5. cxd5 Nxd5 6. Be2 g6 7. O-O Bg7
8. Nc3 O-O 9. Rb1 Bf5 10. Ra1 Nc6 11. Nh4 Be6 12. Nf3 Ndb4 13. a3 Nd3 14.
Qc2 Bf5 15. Qd1 e5 16. Ne1 Nf4 17. Bf3 Qe7 18. d3 Nd4 19. Bxf4 exf4 20. Be4
Be6 21. Nf3 Nb3 22. Rb1 f5 23. Bd5 Nc5 24. Re1 Qd6 25. Bxe6+ Nxe6 26. Qb3
Rae8 27. Re2 Kh8 28. Nb5 Qd7 29. Rbe1 Nc5 30. Rxe8 Nxb3 31. Rxf8+ Bxf8 32.
Nc3 Kg7 33. d4 Be7 34. Ne5 Qxd4 35. Nb5 Qd2 36. Nf3 Qd7 37. Nc3 Bf6 38. Nd1
Nd2 39. Nxd2 Qxd2 40. Rf1 Bxb2 41. Nxb2 Qxb2 42. Re1 Qxa3 43. Rd1 b5 44.
Rd7+ Kf6 45. h3 b4 46. Rd6+ Ke5 47. Rc6 b3 48. Rc7 b2 49. Rxa7 b1=Q+ 50. Kh2
Qxa7 {White resigns} 0-1

[Event "ICC tourney 2545 (5 3)"]
[Site "Internet Chess Club"]
[Date "2021.04.11"]
[Round "5"]
[White "drskodeh"]
[Black "A4-H5"]
[Result "0-1"]
[ICCResult "White resigns"]
[WhiteElo "1524"]
[BlackElo "1860"]
[Opening "English opening"]
[ECO "A21"]
[NIC "EO.23"]
[Time "15:46:14"]
[TimeControl "300+3"]

1. c4 e5 2. Nc3 Bc5 3. g3 h5 4. Bg2 h4 5. e4 Nf6 6. d3 d6 7. Bg5 Nc6 8. Bxh4
Rxh4 9. gxh4 Ng4 10. Nh3 Qxh4 11. Qf3 Nd4 12. Qg3 Nc2+ 13. Kd2 Qxg3 14. fxg3
Nxa1 15. Rxa1 Nxh2 16. Na4 Bd4 17. Ng5 Ng4 18. Nf3 Be3+ 19. Ke2 Bd7 20. Nc3
c6 21. Bh3 Bb6 22. Ng5 f6 23. Nf3 O-O-O 24. Nh4 Be6 25. b4 Re8 26. a4 Bd4
27. Rc1 a6 28. b5 axb5 29. axb5 g5 30. Ng2 Bd7 31. bxc6 bxc6 32. Na4 Rh8 33.
Rh1 Kc7 34. Bxg4 Rxh1 35. Bf3 g4 {White resigns} 0-1

[Event "ICC tourney 2545 (5 3)"]
[Site "Internet Chess Club"]
[Date "2021.04.11"]
[Round "5"]
[White "zwerstil"]
[Black "Jaburu"]
[Result "0-1"]
[ICCResult "White checkmated"]
[WhiteElo "1289"]
[BlackElo "1649"]
[Opening "Sicilian: Labourdonnais-Löwenthal variation"]
[ECO "B32"]
[NIC "SI.32"]
[Time "15:47:05"]
[TimeControl "300+3"]

1. e4 c5 2. Nf3 Nc6 3. d4 cxd4 4. Nxd4 e5 5. Nxc6 bxc6 6. Nc3 Nf6 7. Bc4 Bb7
8. O-O Bb4 9. Bg5 O-O 10. Bxf6 Qxf6 11. a3 Bxc3 12. bxc3 Rad8 13. Rb1 Ba8
14. Bd3 d5 15. Qe2 Qg5 16. c4 dxc4 17. Bxc4 Rd2 18. Qf3 Qf4 19. Bd3 Qxf3 20.
gxf3 c5 21. Rbd1 Rxd1 22. Rxd1 Rd8 23. Kg2 Bc6 24. h4 g6 25. Kg3 a6 26. Kg4
Kg7 27. h5 Bb5 28. Kg5 Bxd3 29. cxd3 f6+ 30. Kg4 c4 31. hxg6 hxg6 32. f4
Rxd3 33. Rc1 c3 34. fxe5 fxe5 35. Kg5 a5 36. a4 Kf7 37. f4 Rg3+ 38. Kh4 exf4
39. e5 g5+ 40. Kh5 Ke6 41. Kg6 Kxe5 42. Kh5 Kd4 43. Rd1+ Kc4 44. Rc1 Kb3 45.
Rf1 c2 46. Kg6 Kb2 47. Kf5 c1=Q 48. Rxc1 Kxc1 49. Ke4 Ra3 50. Kf5 f3 51.
Kxg5 f2 52. Kf4 f1=Q+ 53. Ke4 Qd3+ 54. Ke5 Rc3 55. Kf4 Rc4+ 56. Ke5 Rc5+ 57.
Kf4 Rf5+ 58. Kg4 Qf3+ 59. Kh4 Rh5# {White checkmated} 0-1

[Event "ICC tourney 2545 (5 3)"]
[Site "Internet Chess Club"]
[Date "2021.04.11"]
[Round "5"]
[White "Rasalaghe"]
[Black "iamGodskid"]
[Result "1-0"]
[ICCResult "Black checkmated"]
[WhiteElo "1216"]
[BlackElo "1390"]
[Opening "King's pawn opening"]
[ECO "B07"]
[NIC "VO.17"]
[Time "15:47:21"]
[TimeControl "300+3"]

1. e4 d6 2. f4 g6 3. Nf3 Bg7 4. Nc3 Nf6 5. d4 Bg4 6. Bd3 Nc6 7. e5 dxe5 8.
dxe5 Nd5 9. Nxd5 Qxd5 10. c4 Qc5 11. h3 Bxf3 12. Qxf3 O-O 13. Be3 Qa5+ 14.
Bd2 Qb6 15. Bc3 Rad8 16. Be4 Nd4 17. Qf2 c5 18. O-O Nc6 19. a3 Na5 20. Qe2
Nb3 21. Rad1 Nd4 22. Qf2 e6 23. h4 h6 24. Qg3 Nf5 25. Bxf5 exf5 26. h5 Kh7
27. Qf3 Qb3 28. Rd6 Rxd6 29. exd6 Bxc3 30. hxg6+ fxg6 31. Qxc3 Qb6 32. Qe5
Rf7 33. Qe6 Rg7 34. Rd1 Qxb2 35. d7 Qc2 36. d8=Q Qc3 37. Qd3 Qb2 38. Qee2
Qb6 39. Rb1 Qf6 40. Qb2 Qh4 41. Qf3 Qe7 42. Qe5 Qd7 43. Qed5 Qa4 44. Rxb7
Qc2 45. Rxg7+ Kxg7 46. Qd7+ Kf6 47. Qfc6# {Black checkmated} 1-0

[Event "ICC tourney 2545 (5 3)"]
[Site "Internet Chess Club"]
[Date "2021.04.11"]
[Round "5"]
[White "AtharvRB"]
[Black "Boruoh"]
[Result "0-1"]
[ICCResult "White resigns"]
[WhiteElo "1604"]
[BlackElo "1359"]
[Opening "Benoni defense"]
[ECO "A60"]
[NIC "BI.38"]
[Time "15:47:09"]
[TimeControl "300+3"]

1. d4 Nf6 2. c4 c5 3. d5 e6 4. dxe6 fxe6 5. Nc3 d5 6. cxd5 exd5 7. e4 Nxe4
8. Nxe4 dxe4 9. Qxd8+ Kxd8 10. Be3 b6 11. g3 Kc7 12. Bg2 Bf5 13. Ne2 Bd6 14.
Rc1 Nc6 15. O-O a5 16. a3 Rad8 17. Nc3 Rhe8 18. Nb5+ Kb7 19. Nxd6+ Rxd6 20.
Rc4 Nd8 21. h3 h6 22. g4 Bh7 23. Re1 g5 24. Bc1 Nf7 25. Bxe4+ Rxe4 26. Rexe4
Bxe4 27. Rxe4 Rd1+ 28. Kg2 Nd6 29. Re7+ Kc6 30. Be3 Nc4 31. Rh7 Nxe3+ 32.
fxe3 Rd2+ 33. Kf3 Rxb2 34. Rxh6+ Kb5 35. Rg6 c4 36. Rxg5+ Ka4 37. h4 c3 38.
Rd5 c2 39. Rd4+ Kb3 40. Rd3+ Ka2 41. h5 c1=Q 42. h6 Qf1+ 43. Ke4 Qf6 44. g5
Qxg5 45. Rd6 Qg4+ 46. Ke5 Rb5+ 47. Kf6 Rf5+ 48. Ke7 Qe4+ 49. Kd7 Rf7+ 50.
Kd8 {White resigns} 0-1

[Event "ICC tourney 2545 (5 3)"]
[Site "Internet Chess Club"]
[Date "2021.04.11"]
[Round "5"]
[White "MichaelIC"]
[Black "zugspitze"]
[Result "1-0"]
[ICCResult "Black resigns"]
[WhiteElo "1551"]
[BlackElo "1612"]
[Opening "Caro-Kann: Bronstein-Larsen variation"]
[ECO "B16"]
[NIC "CK.07"]
[Time "15:46:50"]
[TimeControl "300+3"]

1. e4 c6 2. d4 d5 3. Nc3 dxe4 4. Nxe4 Nf6 5. Nxf6+ gxf6 6. c3 Bf5 7. g3 e6
8. Bg2 Bd6 9. Ne2 Qc7 10. Be3 Nd7 11. O-O h5 12. h4 Bg4 13. Qd2 Bxe2 14.
Qxe2 O-O-O 15. b4 f5 16. b5 c5 17. Qf3 f4 18. Bxf4 Bxf4 19. Qxf4 Qxf4 20.
gxf4 cxd4 21. cxd4 Nf6 22. Rac1+ Kb8 23. Rc4 Rc8 24. Rfc1 Rxc4 25. Rxc4 Rd8
26. a4 Nd5 27. Bxd5 Rxd5 28. Kg2 b6 29. Kf3 f5 30. Ke3 Rd6 31. Rc1 Rd7 32.
Rg1 Kc7 33. Rg5 Rh7 34. d5 Kd6 35. Kd4 exd5 36. Rg6+ Ke7 37. Kxd5 Kf7 38.
Rc6 Rh8 39. Rc7+ Kf6 40. Rc6+ Kg7 41. Ke5 Re8+ 42. Kxf5 Re2 43. Rc7+ Kh6 44.
Rxa7 Rxf2 45. Rb7 Ra2 46. Rxb6+ Kg7 47. Ra6 Rh2 48. Kg5 {Black resigns} 1-0

[Event "ICC tourney 2545 (5 3)"]
[Site "Internet Chess Club"]
[Date "2021.04.11"]
[Round "5"]
[White "Macroeconomist"]
[Black "shawnchicken"]
[Result "0-1"]
[ICCResult "White checkmated"]
[WhiteElo "1382"]
[BlackElo "1473"]
[Opening "Ruy Lopez: Berlin defense"]
[ECO "C65"]
[NIC "RL.07"]
[Time "15:47:10"]
[TimeControl "300+3"]

1. e4 e5 2. Nf3 Nc6 3. Bb5 Nf6 4. d3 Bc5 5. O-O d6 6. h3 O-O 7. c3 a6 8. Ba4
b5 9. Bc2 Bb7 10. b4 Bb6 11. Bg5 h6 12. Be3 Bxe3 13. fxe3 a5 14. bxa5 Nxa5
15. Nbd2 Nc6 16. Qe1 d5 17. exd5 Nxd5 18. c4 bxc4 19. Nxc4 Re8 20. Qg3 Ba6
21. Bb3 Bxc4 22. Bxc4 Nxe3 23. Nxe5 Nxe5 24. Qxe3 Nxc4 25. Qf4 Nd6 26. Rf2
Re7 27. Raf1 Qe8 28. Qf3 Ra3 29. Qd5 Re1 30. Qc5 Rxf1+ 31. Rxf1 Rxd3 32. a4
Qe3+ 33. Qxe3 Rxe3 34. Rc1 Ra3 35. Rxc7 Rxa4 36. Rd7 Nf5 37. Rd8+ Kh7 38.
Rd7 Kg6 39. Rb7 f6 40. Rb5 Ra2 41. Kh2 Nh4 42. Kg3 Nxg2 43. h4 Ne3 44. h5+
Kh7 45. Kf4 Nc4 46. Rc5 Ra4 47. Kf5 Ra5 48. Rxa5 Nxa5 49. Kg4 g6 50. hxg6+
Kxg6 51. Kf4 h5 52. Kg3 Nc4 53. Kh4 f5 54. Kg3 Kg5 55. Kf3 f4 56. Kf2 Kg4
57. Kg2 Ne3+ 58. Kf2 h4 59. Kg1 Kg3 60. Kh1 f3 61. Kg1 f2+ 62. Kh1 f1=Q#
{White checkmated}
0-1

[Event "ICC tourney 2545 (5 3)"]
[Site "Internet Chess Club"]
[Date "2021.04.11"]
[Round "5"]
[White "jmpe"]
[Black "supergirl06"]
[Result "1-0"]
[ICCResult "Black checkmated"]
[WhiteElo "1575"]
[BlackElo "1531"]
[Opening "English opening"]
[ECO "A13"]
[NIC "EO.64"]
[Time "15:47:23"]
[TimeControl "300+3"]

1. c4 e6 2. Nc3 c5 3. g3 Nc6 4. Bg2 Nf6 5. d3 Bd6 6. Bd2 Be5 7. a3 O-O 8.
Nf3 a6 9. Nxe5 Nxe5 10. b4 cxb4 11. axb4 Neg4 12. b5 Qb6 13. O-O h6 14. Na4
Qd4 15. Bc3 Qd6 16. h3 Ne5 17. c5 Qe7 18. Bxe5 axb5 19. Nb6 Rxa1 20. Qxa1
Qxc5 21. Nxc8 Qxc8 22. Bxf6 gxf6 23. Qxf6 Kh7 24. Be4+ Kg8 25. Qxh6 f5 26.
Qg6+ Kh8 27. Bf3 Qe8 28. Qh6+ Kg8 29. Bxb7 Rf7 30. Bf3 Rh7 31. Qg5+ Rg7 32.
Qf6 Qf7 33. Qxf7+ Rxf7 34. Rb1 Kg7 35. Rxb5 d5 36. Kg2 f4 37. Bxd5 exd5 38.
Rxd5 fxg3 39. fxg3 Re7 40. e4 Kf6 41. g4 Rb7 42. h4 Rb2+ 43. Kg3 Rb1 44. g5+
Kg6 45. Rd6+ Kf7 46. g6+ Kg7 47. e5 Rg1+ 48. Kf4 Rh1 49. Kg3 Rg1+ 50. Kh2
Rf1 51. h5 Rf2+ 52. Kg3 Rf5 53. Rd7+ Kg8 54. h6 Rg5+ 55. Kf4 Rxg6 56. h7+
Kh8 57. Kf5 Rh6 58. e6 Rh5+ 59. Kg6 Re5 60. Rd8# {Black checkmated} 1-0

[Event "ICC tourney 2545 (5 3)"]
[Site "Internet Chess Club"]
[Date "2021.04.11"]
[Round "5"]
[White "wildrumpus"]
[Black "Colchester"]
[Result "0-1"]
[ICCResult "White resigns"]
[WhiteElo "1377"]
[BlackElo "1625"]
[Opening "Queen's pawn: stonewall attack"]
[ECO "A45"]
[NIC "QP.07"]
[Time "15:46:52"]
[TimeControl "300+3"]

1. d4 Nf6 2. e3 d5 3. Bd3 g6 4. Nf3 Nbd7 5. O-O Bg7 6. b3 O-O 7. Bb2 a6 8.
c4 e6 9. Nc3 c6 10. Qd2 b5 11. c5 Qc7 12. b4 Ne8 13. e4 dxe4 14. Nxe4 f5 15.
Ng3 Nef6 16. Rfe1 Nd5 17. Re2 Nf4 18. Re3 Nxd3 19. Rxd3 Nf6 20. Re1 Nd5 21.
a3 a5 22. Ng5 axb4 23. axb4 Ra4 24. Rb3 Qf4 25. Qxf4 Nxf4 26. Ne2 Nd5 27.
Ra1 Rxa1+ 28. Bxa1 h6 29. Nf3 g5 30. Ra3 Nxb4 31. Bc3 Nd5 32. Ne5 Bxe5 33.
dxe5 b4 34. Bxb4 Nxb4 35. Nd4 Rd8 {White resigns} 0-1

[Event "ICC tourney 2545 (5 3)"]
[Site "Internet Chess Club"]
[Date "2021.04.11"]
[Round "5"]
[White "HEM"]
[Black "shirovinster"]
[Result "1/2-1/2"]
[ICCResult "Game drawn by repetition"]
[WhiteElo "1648"]
[BlackElo "1804"]
[Opening "Caro-Kann: Panov-Botvinnik attack"]
[ECO "B13"]
[NIC "CK.03"]
[Time "15:47:03"]
[TimeControl "300+3"]

1. e4 c6 2. d4 d5 3. exd5 cxd5 4. c4 Nf6 5. Nc3 Nc6 6. Nf3 Bg4 7. Be3 e6 8.
Be2 Be7 9. O-O O-O 10. Qb3 Na5 11. Qa4 dxc4 12. h3 Bh5 13. g4 Bg6 14. Bxc4
Nxc4 15. Qxc4 Rc8 16. Qb3 b6 17. Ne5 Nd5 18. Nxd5 Qxd5 19. Qxd5 exd5 20.
Nxg6 hxg6 21. Rac1 f5 22. Rxc8 Rxc8 23. Rc1 Rxc1+ 24. Bxc1 Kf7 25. g5 Bd6
26. f4 b5 27. Kf2 Ke6 28. Ke3 Bb4 29. Bd2 Bd6 30. Ba5 Kd7 31. Bd2 Kc6 32. b4
Bc7 33. Kf3 Bb6 34. Bc3 a6 35. h4 Kd7 36. Kg3 Ke6 37. Kf3 Bc7 38. Ke3 Bd6
39. Kf3 Kd7 40. Ke3 Kc6 41. Kf3 a5 42. a3 a4 43. Ke3 Kd7 44. Kf3 Ke6 45. Ke3
Kf7 46. Kf3 Ke6 47. Ke3 Kd7 48. Kf3 Bc7 49. Ke3 Bb6 50. Kf3 Ke6 51. Ke3 Bc7
52. Kf3 Bd6 53. Ke3 Bc7 54. Kf3 Bd6 55. Ke3 Bc7 56. Kf3 Bd6 57. Ke3 Bc7 58.
Kf3 {Game drawn by repetition} 1/2-1/2

[Event "ICC tourney 2545 (5 3)"]
[Site "Internet Chess Club"]
[Date "2021.04.11"]
[Round "5"]
[White "babakay"]
[Black "ehkopean"]
[Result "0-1"]
[ICCResult "White resigns"]
[WhiteElo "1329"]
[BlackElo "1597"]
[Opening "Sicilian: Grand Prix attack"]
[ECO "B23"]
[NIC "SI.44"]
[Time "15:46:27"]
[TimeControl "300+3"]

1. e4 c5 2. Nc3 Nc6 3. f4 d6 4. Bb5 Bd7 5. Nf3 e6 6. d3 Nge7 7. O-O g6 8.
Ne2 Bg7 9. c3 a6 10. Bxc6 Nxc6 11. Ng3 O-O 12. f5 exf5 13. exf5 Ne5 14. fxg6
hxg6 15. Ng5 f6 16. Qb3+ c4 17. dxc4 fxg5 18. c5+ Kh8 19. Rxf8+ Bxf8 20.
cxd6 Bxd6 21. Qd5 Bc6 22. Qe6 Qe7 23. Qh3+ Kg7 24. Ne2 Rh8 25. Qe3 Ng4 26.
Qxe7+ Bxe7 27. h3 Bc5+ 28. Nd4 Bxd4+ 29. cxd4 Nf6 30. Bxg5 Ne4 31. Bf4 Re8
32. Be5+ Kh7 33. Rf1 Re7 34. Rf8 g5 35. g4 Kg6 36. Rg8+ Kf7 37. Rg7+ Ke6 38.
Rg6+ Kd5 39. b3 Re6 40. Rg7 Nd2 41. Kf2 Ne4+ 42. Ke3 Nc3 43. a4 Nd1+ 44. Kd2
Nf2 45. Rh7 Ke4 46. Kc3 Kf3 47. Kc4 b5+ 48. axb5 Bxb5+ 49. Kd5 Re8 50. Rh5
Rd8+ 51. Ke6 Rg8 52. d5 Ke4 53. Bg3 Nd3 54. d6 Nc5+ 55. Ke7 Rg7+ 56. Kf6 Rd7
57. b4 Nb7 58. Rxg5 Nxd6 59. Re5+ Kf3 60. Be1 Ne4+ 61. Ke6 Rd8 62. Rf5+ Ke2
63. Ke5 Re8+ 64. Kf4 Kxe1 65. Re5 Rxe5 66. Kxe5 Ng5 67. h4 Nf3+ 68. Kf4 Nxh4
69. g5 Ng6+ 70. Kf5 Bd3+ 71. Kf6 Kd2 72. Ke6 Kc3 {White resigns} 0-1